 Dungeon Crawl Stone Soup version 0.29-a0-283-ga02f740833 (webtiles) character file.

Game seed: 14005080398078914536

1743 Ajdolov the Archer (level 8, -5/43 HPs)
             Began as a Deep Elf Hunter on Mar 13, 2022.
             Was an Initiate of Fedhas.
             Slain by a killer bee (6 damage)
             ... on level 7 of the Dungeon.
             The game lasted 00:08:58 (7487 turns).

Ajdolov the Archer (Deep Elf Hunter)                Turns: 7487, Time: 00:08:59

Health: -5/43      AC:  5    Str:  8    XL:     8   Next: 77%
Magic:  12/12      EV: 12    Int: 15    God:    Fedhas [......]
Gold:   166        SH:  0    Dex: 20    Spells: 7/7 levels left

rFire   . . .      SeeInvis .   a - +1 shortbow
rCold   . . .      Faith    .   (shield currently unavailable)
rNeg    . . .      Spirit   .   b - +0 leather armour
rPois   .          Reflect  .   f - +0 helmet
rElec   .          Harm     .   (no cloak)
rCorr   .          Rampage  .   i - +0 pair of gloves
Will    .....                   (no boots)
Stlth   ++++......              (no amulet)
HPRegen 0.14/turn               (no ring)
MPRegen 0.13/turn               (no ring)

@: lethally poisoned (-5 -> -11)
A: no striking features
a: Renounce Religion


You were on level 7 of the Dungeon.
You worshipped Fedhas.
Fedhas was noncommittal.
You visited 2 branches of the dungeon, and saw 9 of its levels.

You collected 199 gold pieces.
You spent 33 gold pieces at shops.

Inventory:

Hand Weapons
 a - a +1 shortbow (weapon)
Armour
 b - a +0 leather armour (worn)
 f - a +0 helmet (worn)
 i - a +0 pair of gloves (worn)
Jewellery
 B - a +6 ring of dexterity
Wands
 r - a wand of mindburst (6)
 y - a wand of flame (4)
 C - a wand of acid (12)
 E - a wand of paralysis (9)
 F - a wand of polymorph (6)
Scrolls
 c - 2 scrolls of immolation
 d - 4 scrolls of noise
 e - 2 scrolls of magic mapping {unknown}
 g - a scroll of amnesia {unknown}
 k - 4 scrolls of teleportation
 l - 3 scrolls of identify {unknown}
 o - a scroll of acquirement {unknown}
 q - a scroll of enchant armour {unknown}
 s - 2 scrolls of blinking {unknown}
 u - a scroll of fog {unknown}
 v - a scroll of fear {unknown}
 w - a scroll of enchant weapon {unknown}
 x - a scroll of summoning {unknown}
Potions
 h - 4 potions of resistance {unknown}
 j - 2 potions of degeneration {unknown}
 m - 2 potions of mutation {unknown}
 n - a potion of lignification {unknown}
 p - 2 potions of invisibility {unknown}
 t - a potion of ambrosia {unknown}
 z - a potion of attraction {unknown}
 A - a potion of might {unknown}


   Skills:
 - Level 1.5 Fighting
 * Level 12.7 Bows
 - Level 2.4 Dodging
 - Level 8.0 Stealth
 + Level 3.1 Invocations


You had 7 spell levels left.
You didn't know any spells.
Your spell library contained the following spells:

 Spells                   Type           Power      Damage    Failure   Level
 Sting                    Tmut/Pois      0%         1d3       36%         1
 Poisonous Vapours        Pois/Air       0%         N/A       52%         2
 Tukima's Dance           Hex            0%         N/A       75%         3
 Anguish                  Hex/Necr       0%         N/A       98%         4
 Olgreb's Toxic Radiance  Pois           0%         N/A       98%         4
 Enfeeble                 Hex            0%         N/A       100%        7


Dungeon Overview and Level Annotations

Branches:
Dungeon (8/15)             Temple (1/1) D:5
   Lair: D:8-11

Altars:
Ashenzari
Dithmenos
Elyvilon
Fedhas
Gozag
Kikubaaqudgha
Makhleb
Nemelex Xobeh
Sif Muna
Uskayaw
Vehumet
Xom
Yredelemnul
Zin

Shops:
D:1 *   D:5 :

Annotations:
D:3 Sigmund
D:6 Maggie


Message History

You feel sick.
The killer bee stings you but does no damage.
The killer bee barely misses you. The killer bee stings you.
* * * LOW HITPOINT WARNING * * *
The killer bee stings you.
* * * LOW HITPOINT WARNING * * *
You are lethally poisoned!
The killer bee poisons you!
As you read the scroll labelled PITYABRIHAO, it crumbles to dust.
You hear a loud clanging noise!
It was a scroll of noise.
* * * LOW HITPOINT WARNING * * *
You feel very sick. The killer bee stings you.
* * * LOW HITPOINT WARNING * * *
The killer bee misses you. The killer bee barely misses you.
The killer bee closely misses you.
Okay, then.
You feel better. The killer bee stings you. The killer bee closely misses you.
The killer bee misses you. x2
Shoot: a) +1 shortbow
Press: ? - help, Q - select action, (/) - cycle Shift-Dir - straight line, f/p - killer bee
Aim: a killer bee (almost dead, 47% to hit)
You shoot an arrow. The arrow barely misses the killer bee.
The killer bee stings you but does no damage.
The killer bee barely misses you. The killer bee stings you.
* * * LOW HITPOINT WARNING * * *
The killer bee stings you.
* * * LOW HITPOINT WARNING * * *
Shoot: a) +1 shortbow
Press: ? - help, Q - select action, (/) - cycle Shift-Dir - straight line, f/p - killer bee
Aim: a killer bee (almost dead, 47% to hit)
You shoot an arrow.
The arrow closely misses the killer bee.
The killer bee closely misses you. The killer bee stings you.
* * * LOW HITPOINT WARNING * * *
You are lethally poisoned!
The killer bee poisons you! The killer bee stings you.
You die...
Fedhas appreciates your contribution to the ecosystem.

..##..##...##....##...##.........
......#.....#....#...............
......#.....#....#....##..##.....
..######...##....#....##..##.....
..######.>.##....#....#..........
.................#....+..........
................[##...##..##....#
...............y.##...##..##....#
.............[..@......'...#.....
..###########....y.....#...#.....
..######...##....##...###.##.##.#
............#....########'##.####
............#.....'...........#
..######...##.....#...........#
..######...##.....#.......>...#
.................##....###'######
.................##....###......#


You could see 2 killer bees.

Vanquished Creatures
  Grinder (D:6)
  Eustachio (D:6)
  A water moccasin (D:7)
  2 sky beasts (D:7)
  A centaur (D:5)
  4 scorpions
  5 killer bees
  A howler monkey (D:8)
  2 jellies
  A gnoll shaman (D:7)
  4 hounds
  3 iguanas
  An orc wizard (D:5)
  3 gnolls (D:7)
  9 adders
  A shadow imp (D:7)
  A worm (D:4)
  3 dart slugs
  11 orcs
  8 ball pythons
  12 endoplasms
  5 giant cockroaches
  7 goblins
  9 hobgoblins
  10 jackals
  10 quokkas
  7 bats
  3 frilled lizards
  6 kobolds
  7 rats
139 creatures vanquished.

Vanquished Creatures (others)
  A human (D:3)
1 creature vanquished.

Grand Total: 140 creatures vanquished

Notes
Turn   | Place    | Note
-------+----------+-------------------------------------------
     0 | D:1      | Ajdolov the Deep Elf Hunter began the quest for the Orb.
     0 | D:1      | Reached XP level 1. HP: 12/12 MP: 3/3
   297 | D:1      | Reached XP level 2. HP: 12/16 MP: 4/4
   401 | D:1      | Found a faded altar of an unknown god.
   443 | D:1      | Found Wanuz's General Store.
   448 | D:1      | Bought a scroll of teleportation for 33 gold pieces
   496 | D:1      | Reached skill level 6 in Bows
   891 | D:1      | Reached XP level 3. HP: 20/20 MP: 5/5
  1068 | D:2      | You fall into a shaft and drop 1 floor!
  1124 | D:2      | Reached XP level 4. HP: 20/25 MP: 6/6
  1238 | D:2      | Reached skill level 7 in Bows
  1945 | D:3      | Found a glowing silver altar of Zin.
  2180 | D:3      | Noticed Sigmund
  2349 | D:3      | Found an ancient bone altar of Kikubaaqudgha.
  2350 | D:3      | Noticed a human
  2352 | D:3      | Killed a human
  2561 | D:4      | Reached XP level 5. HP: 29/29 MP: 7/7
  2887 | D:4      | Reached skill level 8 in Bows
  2922 | D:4      | Found a hide-covered altar of Uskayaw.
  3183 | D:5      | Entered Level 5 of the Dungeon
  3189 | D:5      | Reached XP level 6. HP: 34/34 MP: 8/8
  3519 | D:5      | Reached skill level 9 in Bows
  3519 | D:5      | Reached skill level 5 in Stealth
  3594 | D:5      | Found a staircase to the Ecumenical Temple.
  3613 | Temple   | Entered the Ecumenical Temple
  3765 | Temple   | Became a worshipper of Fedhas Madash
  4102 | D:5      | Reached XP level 7. HP: 32/38 MP: 9/9
  4264 | D:5      | Found Anodwim's Book Boutique.
  4300 | D:5      | Reached skill level 10 in Bows
  4597 | D:5      | HP: 1/38 [killer bee (8)]
  4978 | D:6      | Found a shimmering altar of Xom.
  5251 | D:6      | Found a radiant altar of Vehumet.
  5316 | D:6      | Noticed Grinder
  5328 | D:6      | Killed Grinder
  5329 | D:6      | Reached skill level 11 in Bows
  5329 | D:6      | Reached XP level 8. HP: 22/43 MP: 10/10
  5605 | D:6      | Noticed Maggie
  5894 | D:6      | Noticed Eustachio
  5915 | D:6      | Killed Eustachio
  5916 | D:6      | Reached skill level 1 in Invocations
  6648 | D:7      | Reached skill level 12 in Bows
  6998 | D:7      | HP: 2/43 [sky beast (5)]
  7487 | D:7      | HP: 1/43 [killer bee (6)]
  7487 | D:7      | Slain by a killer bee

Illustrated notes

Levels and vault maps discovered:
D:1:      minmay_arrival_open_corners, layout_basic, serial_shops,
          nicolae_shop_hallway_plus, hellmonk_ecumenical_altar_heavens_door
D:2:      layout_rooms
D:3:      layout_rooms, tgw_kikubaaqudgha, zin_statuary, serial_corexii_hall,
          corexii_hall_statues_l, corexii_hall_statues_x,
          corexii_hall_statues_s, chequers_hall_statues_y, minmay_surrounded,
          uniq_sigmund
D:4:      layout_rooms, eat_drink_and_be_merry_uskayaw
D:5:      layout_rooms, minmay_temple_entry_drinking_statues, serial_shops,
          kennysheep_mini, lemuel_another_geyser
D:6:      layout_basic, mainiacjoe_overflow_catwalk_spiral, grunt_ministairs_13,
          lightli_corner_chamber, uniq_grinder, uniq_maggie, uniq_eustachio
D:7:      layout_gridville
D:8:      layout_rooms, nicolae_hepliaklqana_monster_ancestors, st_stairs_5,
          hex_tiny
Temple:   nicolae_temple_figure_zero

Skill      XL: |  1  2  3  4  5  6  7  8 |
---------------+-------------------------+-----
Stealth        | 2 3 4 5 7 8 |  8.0
Bows           | 6 7 8 9 11 12 | 12.7
Invocations    | 3 |  3.1
Fighting       | |  1.5
Dodging        | |  2.4

Action                   |  1- 3 |  4- 6 |  7- 9 || total
-------------------------+-------+-------+-------++-------
 Fire: Shortbow          |    72 |   203 |   123 ||   398
Evoke: Wand              |       |       |     6 ||     6
  Use: Potion            |       |       |     8 ||     8
       Scroll            |       |       |     2 ||     2
Armor: Leather armour    |     3 |    26 |    26 ||    55
Dodge: Dodged            |     5 |    50 |    77 ||   132

Table legend: (Time is in decaauts)
 A = Elapsed time spent in this place.
 B = Non-inter-level travel time spent in this place.
 C = Inter-level travel time spent in this place.
 D = Time resting spent in this place.
 E = Time spent auto-exploring this place.
 F = Levels seen in this place.
 G = Mean time per level.
                   A        B        C        D        E       F      G
               +--------+--------+--------+--------+--------+-----+--------+
         Total |   7540 |   7316 |    224 |   2581 |   3766 |   9 |  837.8 |
       Dungeon |   7377 |   7162 |    215 |   2581 |   3618 |   8 |  922.1 |
        Temple |    162 |    153 |      9 |      0 |    148 |   1 |  162.0 |
               +--------+--------+--------+--------+--------+-----+--------+

Top non-repeatable levels by time:
     D:5: 1487 daAuts
     D:6: 1461 daAuts
     D:1: 1027 daAuts
     D:7: 983 daAuts
     D:2: 932 daAuts
     D:4: 800 daAuts
     D:3: 636 daAuts
  Temple: 162 daAuts
     D:8: 50 daAuts
